 Dungeon Crawl Stone Soup version 0.20.1-1-g8b1a95d66d (webtiles) character file.

66 NullDivider the Vexing (level 3, -3/14 HPs)
             Began as a Felid Enchanter on Nov 16, 2017.
             Slain by an adder (5 damage)
             ... on level 3 of the Dungeon.
             The game lasted 00:12:24 (3418 turns).

NullDivider the Vexing (Felid Enchanter)            Turns: 3418, Time: 00:12:25

Health: -3/14      AC:  1    Str:  4    XL:     3   Next: 96%
Magic:  7/7        EV: 19    Int: 17    God:
Gold:   188        SH:  0    Dex: 16    Spells: 3/6 levels left
                                        Lives:  0   Deaths: 0

rFire    . . .     SeeInvis +     - Unarmed
rCold    . . .     Gourm    .   (shield unavailable)
rNeg     . . .     Faith    .   (armour unavailable)
rPois    .         Spirit   .   (helmet unavailable)
rElec    .         Reflect  .   (cloak unavailable)
rCorr    .         Harm     .   (gloves unavailable)
MR       .....                  (boots unavailable)
Stlth    +++.......             (no amulet)
Regen    0.1/turn               (no ring)
MPRegen  0.1/turn               (no ring)

@: quick
A: no armour, no weapons or thrown items, stealth, claws 1, fangs 3, see
invisible, carnivore 3, speed 1, shaggy fur 1, slow metabolism 1, sharp paws
a: no special abilities


You were on level 3 of the Dungeon.
You were completely stuffed.

You visited 1 branch of the dungeon, and saw 3 of its levels.

You collected 188 gold pieces.

Inventory:

Scrolls
 f - a scroll of recharging {unknown}
 g - a scroll of teleportation {unknown}
 h - a scroll of remove curse
 i - 2 scrolls of identify {unknown}
 j - a scroll of fear {unknown}
Potions
 d - a potion of brilliance {unknown}
 e - a potion of haste {unknown}
 l - a potion of curing {unknown}
Books
 a - a book of Maledictions

   Spells                             Type                      Level
   a - Corona                         Hexes                        1
   b - Ensorcelled Hibernation        Hexes/Ice                    2
   c - Confuse                        Hexes                        3
   d - Tukima's Dance                 Hexes                        3
   e - Dazzling Spray                 Conjuration/Hexes            3
Comestibles
 b - 3 meat rations
 k - a royal jelly


   Skills:
 * Level 3.4 Dodging
 * Level 4.5 Stealth
 + Level 1.8 Unarmed Combat
 + Level 2.3 Spellcasting
 * Level 5.4 Hexes


You had 3 spell levels left.
You knew the following spells:

 Your Spells              Type           Power        Failure   Level  Hunger
a - Corona                Hex            ###....      1%          1    #......
b - Ensorcelled Hibernat  Hex/Ice        ##....       10%         2    ##.....


Dungeon Overview and Level Annotations

Branches:
Dungeon (3/15)

Altars:


Innate Abilities, Weirdness & Mutations

You cannot wear armour.
You are incapable of wielding weapons or throwing items.
Your paws allow you to move quietly. (Stealth)
You have sharp claws.
You have razor-sharp teeth.
You have supernaturally acute eyesight. (SInv)
You are carnivorous and can eat meat at any time.
You cover ground quickly.
You are covered in fur. (AC +1)
You have a slow metabolism.
Your sharp claws are effective at attacking unaware monsters.


Message History

You kill the ooze!
You start resting.
Your magical contamination has completely faded away.
You start resting.
Magic restored.
Welcome back, NullDivider the Felid Enchanter.
Press ? for a list of commands and other information.
Done exploring.
(D) Dungeon
Where to? (? - help)
What level of the Dungeon? (default 1, ? - help)
There is a stone staircase leading down here.
You climb downwards.
The gnoll hits you with a spear!
Ouch! That really hurt!
* * * LOW HITPOINT WARNING * * *
The gnoll hits you with a spear.
* * * LOW HITPOINT WARNING * * *
There is a stone staircase leading up, spattered with blood here.
The gnoll closely misses you. The adder bites you.
You die...

#g...........# #.......÷...
#.....†......# #.......##..
#............# #.......##..
.l..............####.#.......##..
.....................#.......##..
................######.......##..
..##............######.......####
. #.........................#
#....$..(....@S...........#
############..g....###...##
#....%....# #...##### #.........#
#........ #.........###........
#...........#........
#...####....#.#...... #...#
#............. #...#
#.............


You could see a gnoll and an adder.

Vanquished Creatures
  An adder (D:2)
  2 oozes
  A dart slug (D:1)
  2 leopard geckos
  2 orcs (D:3)
  5 bats
  3 giant cockroaches
  2 hobgoblins (D:2)
  2 quokkas (D:2)
  A ball python (D:3)
  5 frilled lizards
  3 goblins
  9 kobolds
  7 rats
45 creatures vanquished.

Notes
Turn   | Place    | Note
-------+----------+-------------------------------------------
     0 | D:1      | NullDivider the Felid Enchanter began the quest for the Orb.
     0 | D:1      | Reached XP level 1. HP: 7/7 MP: 4/4
   398 | D:1      | Reached XP level 2. HP: 11/11 MP: 6/6
   733 | D:1      | Learned a level 2 spell: Ensorcelled Hibernation
  1105 | D:1      | Reached skill level 5 in Hexes
  1410 | D:2      | Reached XP level 3. HP: 14/14 MP: 2/7
  3418 | D:3      | Slain by an adder

Skill      XL: |  1  2 |
---------------+-------+-----
Dodging        | 3 |  3.4
Hexes          | 5 |  5.4
Stealth        | |  4.5
Unarmed Combat | |  1.8
Spellcasting   | |  2.3

Action                   || total
-------------------------++-------
Melee: Unarmed           ||    91
       Bite              ||     6
 Cast: Corona            ||    15
       Ensorcelled Hiber ||    25
  Use: Scroll            ||     1
 Stab: Sleeping          ||    26
       Distracted        ||     2
  Eat: Chunk             ||    14
Armor: Skin              ||     4
Dodge: Dodged            ||    98
